 Dungeon Crawl Stone Soup version 0.32-a0-290-g598725c5f2 (webtiles) character file.

Game seed: 14718612481444479116

274 wildpjah the Slasher (level 6, -1/46 HPs)
             Began as a Merfolk Gladiator on Feb 13, 2024.
             Was a Believer of Elyvilon.
             Slain by a mummy (13 damage)
             ... in an ossuary.
             The game lasted 00:05:19 (2343 turns).

wildpjah the Slasher (Merfolk Gladiator)            Turns: 2343, Time: 00:05:19

Health: -1/46      AC:  4    Str: 14    XL:     6   Next: 24%
Magic:  7/7        EV: 14    Int:  7    God:    Elyvilon [**....]
Gold:   109        SH:  0    Dex: 18    Spells: 5/5 levels left

rFire   . . .        a - +0 long sword
rCold   . . .        q - orb {*Rage}
rNeg    + . .        b - +0 leather armour
rPois   .            c - +0 helmet
rElec   .            (no cloak)
rCorr   .            (no gloves)
SInv    .            (no boots)
Will    .....        (no amulet)
Stlth   ++           l - ring of positive energy
HPRegen 0.27/turn    (no ring)
MPRegen 0.10/turn

%: random rage (20%)
@: on berserk cooldown, slowed, very slow
A: (nimble swimmer 2), mertail
a: Renounce Religion, Purification, Heal Other


You were in an ossuary.
You worshipped Elyvilon.
Elyvilon was pleased with you.
You visited 1 branch of the dungeon, and saw 4 of its levels.
You also visited: Ossuary.

You collected 109 gold pieces.

Inventory:

Hand Weapons
 a - a +0 long sword (weapon)
 i - a +2 dagger of venom
Missiles
 d - 3 throwing nets (quivered)
 e - a javelin
Armour
 b - a +0 leather armour (worn)
 c - a +0 helmet (worn)
 p - a +0 scale mail of poison resistance
 q - an orb of wrath (worn)
Jewellery
 l - a ring of positive energy (left hand)
Scrolls
 g - 4 scrolls of identify
 h - a scroll of blinking
 j - a scroll of amnesia
Potions
 f - a potion of haste {unknown}
 k - 2 potions of attraction {unknown}
 m - a potion of curing {unknown}
 n - a potion of resistance {unknown}
 o - a potion of brilliance {unknown}


   Skills:
 + Level 2.9 Fighting
 + Level 6.3 Long Blades
 + Level 2.0 Throwing
 + Level 0.9 Armour
 + Level 5.0 Dodging
 + Level 1.2 Stealth
 * Level 1.4 Invocations
 * Level 0.8 Evocations


You had 5 spell levels left.
You didn't know any spells.
Your spell library contained the following spells:

 Spells                   Type           Power      Damage    Failure   Level
 Leda's Liquefaction      Alch/Erth      0%         N/A       99%         4
 Summon Blazeheart Golem  Fire/Summ      0%         N/A       99%         4
 Lee's Rapid Deconstruct  Erth           0%         3d4*      100%        5
 Bombard                  Conj/Erth      0%         9d1       100%        6
 Orb of Destruction       Conj           0%         9d5       100%        7
 Spellforged Servitor     Conj/Summ      0%         N/A       100%        7


Dungeon Overview and Level Annotations

Branches:
Dungeon (4/15)            Ossuary (1/1)
 Temple: D:4-7

Altars:
Elyvilon
Kikubaaqudgha


Innate Abilities, Weirdness & Mutations

((You are very nimble when in or above water. (Stealth+, EV+, Speed+++)))
Your lower body shifts to a powerful aquatic tail in water.


Message History

A red film seems to cover your vision as you go berserk!
You feel yourself moving faster!
You feel mighty!
You barely miss the mummy.
The mummy is severely damaged.
The mummy misses you.
You slash the mummy!
You destroy the mummy!
The mummy hits you.
You slash the mummy!
The mummy is almost destroyed.
You slash the mummy!
You destroy the mummy! 2 mummies come into view.
You feel a strong urge to attack something.
You feel your anger nearly subside.
You are no longer berserk.
You are exhausted.
You feel yourself slow down.
You barely miss the mummy. The mummy completely misses you.
You hit the mummy.
The mummy is moderately damaged.
The mummy closely misses you.
You hit the mummy but do no damage.
The mummy is moderately damaged.
The mummy misses you.
You barely miss the mummy.
The mummy is moderately damaged.
The mummy hits you!
You barely miss the mummy.
The mummy is moderately damaged.
The mummy closely misses you.
You hit the mummy.
The mummy is moderately damaged.
The mummy hits you but does no damage. The mummy closely misses you.
You slash the mummy!
The mummy is almost destroyed.
The mummy misses you. The mummy hits you.
* * * LOW HITPOINT WARNING * * *
You hit the mummy.
You destroy the mummy!
The mummy hits you!
You die...

### ...## .M ####
....## .... ##..##
.....#
....##....##.....#
.................#
................#
..............#
#......M@##+#
##......##
##....## #....#
#....# #....#
#....# #....#
#....#


You could see a mummy.

Vanquished Creatures
  A scorpion (D:4)
  5 mummies (Ossuary)
  3 adders (D:2)
  2 dart slugs (D:2)
  2 ribbon worms (D:3)
  6 orcs (D:3)
  6 bats
  4 endoplasms
  3 giant cockroaches
  6 goblins
  4 hobgoblins
  2 jackals (D:3)
  5 kobolds
  A quokka (D:3)
  5 ball pythons
  6 frilled lizards
  3 hobgoblin zombies (Ossuary)
  3 kobold zombies (Ossuary)
  2 orc zombies (Ossuary)
  7 rats
76 creatures vanquished.

Notes
Turn   | Place    | Note
-------+----------+-------------------------------------------
     0 | D:1      | wildpjah the Merfolk Gladiator began the quest for the Orb.
     0 | D:1      | Reached XP level 1. HP: 16/16 MP: 1/1
   178 | D:1      | Reached XP level 2. HP: 22/22 MP: 2/2
   224 | D:1      | Reached skill level 4 in Long Blades
   368 | D:1      | Reached XP level 3. HP: 27/27 MP: 3/3
   541 | D:1      | Found a faded altar of an unknown god.
   551 | D:1      | Prayed at the altar of an unknown god.
   551 | D:1      | Became a worshipper of Elyvilon the Healer
   551 | D:1      | Reached * piety under Elyvilon
   765 | D:2      | Reached skill level 5 in Long Blades
   783 | D:2      | Reached XP level 4. HP: 27/34 MP: 4/4
  1082 | D:2      | Reached ** piety under Elyvilon
  1528 | D:3      | Reached XP level 5. HP: 31/39 MP: 5/5
  1561 | D:3      | Found an ancient bone altar of Kikubaaqudgha.
  1846 | D:3      | Reached skill level 1 in Stealth
  2092 | D:4      | Found a sand-covered staircase.
  2101 | D:4      | Reached skill level 6 in Long Blades
  2112 | Ossuary  | Entered an ossuary
  2143 | Ossuary  | Reached skill level 5 in Dodging
  2181 | Ossuary  | Reached XP level 6. HP: 17/46 MP: 6/6
  2185 | Ossuary  | Reached skill level 1 in Invocations
  2343 | Ossuary  | Slain by a mummy

Illustrated notes

Levels and vault maps discovered:
D:1:      lemuel_arrival_behind_the_door_large, layout_loops_ring,
          basic_ecumenical_altar, serial_bayou, serial_bayou_crossing,
          serial_bayou_pond_a, serial_bayou_pond_a, serial_bayou_pond_c
D:2:      layout_loops_ring, chequers_big_river
D:3:      layout_basic, nicolae_overflow_hidden_temple
D:4:      layout_basic, enter_ossuary_1
Ossuary:  ossuary_tomb_3

Skill      XL: |  1  2  3  4  5  6 |
---------------+-------------------+-----
Long Blades    | 4 5 6 |  6.3
Stealth        | 1 |  1.2
Dodging        | 5 |  5.0
Invocations    | 1 |  1.4
Fighting       | |  2.9
Throwing       | |  2.0
Armour         | |  0.9
Evocations     | |  0.8

Action                     |  1- 3 |  4- 6 || total
---------------------------+-------+-------++-------
  Melee: Long sword        |    54 |   185 ||   239
  Throw: Javelin           |       |     1 ||     1
    Use: Scroll            |       |     3 ||     3
   Stab: Sleeping          |     1 |     3 ||     4
 Armour: Leather armour    |    24 |    78 ||   102
  Dodge: Dodged            |    39 |   131 ||   170

Table legend: (Time is in decaauts)
 A = Elapsed time spent in this place.
 B = Non-inter-level travel time spent in this place.
 C = Inter-level travel time spent in this place.
 D = Time resting spent in this place.
 E = Time spent auto-exploring this place.
 F = Levels seen in this place.
 G = Mean time per level.
                   A        B        C        D        E       F      G
               +--------+--------+--------+--------+--------+-----+--------+
         Total |   2379 |   2327 |     52 |    117 |   1578 |   5 |  475.8 |
       Dungeon |   2112 |   2060 |     52 |      0 |   1572 |   4 |  528.0 |
       Ossuary |    266 |    266 |      0 |    117 |      6 |   1 |  266.0 |
               +--------+--------+--------+--------+--------+-----+--------+

Top non-repeatable levels by time:
     D:3: 753 daAuts
     D:2: 665 daAuts
     D:1: 654 daAuts
 Ossuary: 266 daAuts
     D:4: 39 daAuts
